 Dungeon Crawl Stone Soup version 0.31-a0-1338-gb567cfd (webtiles) character file.

Game seed: 13676905030880475844

9591 min the Thaumaturge (level 11, -6/83 HPs)
             Began as a Gnoll Fire Elementalist on Dec 21, 2023.
             Was an Elder of Vehumet.
             Mangled by a two-headed ogre
             ... wielding a +0 giant spiked club
              (27 damage)
             ... on level 11 of the Dungeon.
             The game lasted 00:16:48 (13345 turns).

min the Thaumaturge (Gnoll Fire Elementalist)      Turns: 13345, Time: 00:16:48

Health: -6/83      AC:  9    Str:  7    XL:     11   Next: 48%
Magic:  10/23      EV: 14    Int: 26    God:    Vehumet [****..]
Gold:   684        SH:  0    Dex: 12    Spells: 19/26 levels left

rFire   . . .        D - +9 whip "Qoru" {protect, Will+}
rCold   . . .        (no shield)
rNeg    . . .        b - +0 troll leather armour {Pargi}
rPois   .            s - +2 helmet
rElec   .            (no cloak)
rCorr   .            c - +0 pair of gloves
SInv    +            q - +0 pair of boots
Will    ++...        n - amulet of the acrobat
Stlth   +++          A - ring "Biosi" {Will+ SInv}
HPRegen 1.13/turn    O - +6 ring of intelligence
MPRegen 0.18/turn

%: acrobat
@: no status effects
A: fangs 1, strong nose, distributed training
a: Renounce Religion


You were on level 11 of the Dungeon.
You worshipped Vehumet.
Vehumet was greatly pleased with you.
You visited 2 branches of the dungeon, and saw 12 of its levels.
You also visited: Sewer, Ossuary and Bailey.

You collected 684 gold pieces.

Inventory:

Hand Weapons
 D - the +9 whip "Qoru" (weapon) {protect, Will+}
   (You found it on level 6 of the Dungeon)

   Will+:     It increases your willpower.
Armour
 b - a +0 troll leather armour (worn) {Pargi}
 c - a +0 pair of gloves (worn)
 q - a +0 pair of boots (worn)
 s - a +2 helmet (worn)
Jewellery
 n - an amulet of the acrobat (around neck)
 A - the ring "Biosi" (left hand) {Will+ SInv}
   (You found it on level 6 of the Dungeon)

   [ring of see invisible]

   Will+:     It increases your willpower.
   SInv:      It lets you see invisible.
 B - a ring of positive energy
 F - a ring of ice
 G - a ring of flight
 O - a +6 ring of intelligence (right hand)
Wands
 v - a wand of digging (8)
 C - a wand of paralysis (21)
 N - a wand of roots (9)
 P - a wand of mindburst (4)
Scrolls
 a - a scroll of silence {unknown}
 d - 3 scrolls of teleportation {unknown}
 e - 3 scrolls of identify
 f - 3 scrolls of noise {unknown}
 g - 2 scrolls of revelation {unknown}
 h - 2 scrolls of butterflies {unknown}
 i - 5 scrolls of enchant weapon {unknown}
 o - 6 scrolls of fog {unknown}
 p - 6 scrolls of enchant armour {unknown}
 u - a scroll of amnesia {unknown}
 w - 4 scrolls of brand weapon {unknown}
 x - 3 scrolls of vulnerability {unknown}
 y - 3 scrolls of fear {unknown}
 z - a scroll of torment {unknown}
 M - a scroll of blinking {unknown}
Potions
 j - 3 potions of attraction
 k - 2 potions of invisibility
 l - 3 potions of enlightenment
 m - 4 potions of curing
 r - 4 potions of haste
 t - a potion of might {unknown}
 E - 3 potions of mutation
 H - a potion of degeneration {unknown}
 I - a potion of ambrosia {unknown}
 J - 3 potions of heal wounds
 K - a potion of brilliance {unknown}
 L - a potion of cancellation {unknown}


   Skills:
 + Level 6.6 Fighting
 + Level 6.6 Short Blades
 + Level 6.6 Long Blades
 + Level 6.6 Axes
 + Level 6.6 Maces & Flails
 + Level 6.6 Polearms
 + Level 6.6 Staves
 + Level 6.6 Ranged Weapons
 + Level 6.6 Throwing
 + Level 6.6 Armour
 + Level 8.1 Dodging
 + Level 7.9 Stealth
 + Level 6.6 Shields
 + Level 6.6 Unarmed Combat
 + Level 8.3 Spellcasting
 + Level 5.9 Conjurations
 + Level 5.4 Hexes
 + Level 5.4 Summonings
 + Level 5.4 Necromancy
 + Level 5.4 Translocations
 + Level 7.8 Fire Magic
 + Level 5.4 Ice Magic
 + Level 5.4 Air Magic
 + Level 5.4 Earth Magic
 + Level 5.4 Alchemy
 + Level 7.2 Invocations
 + Level 6.6 Evocations
 + Level 6.0 Shapeshifting


You had 19 spell levels left.
You knew the following spells:

 Your Spells              Type           Power      Damage    Failure   Level
a - Foxfire               Conj/Fire      100%       2x1d9     1%          1
b - Scorch                Fire           100%       2d9       1%          2
c - Brom's Barrelling Bo  Conj/Erth      40%        2d6       2%          4

Your spell library contained the following spells:

 Spells                   Type           Power      Damage    Failure   Level
 Apportation              Tloc           78%        N/A       1%          1
 Necrotise                Necr           100%       1d9       1%          1
 Shock                    Conj/Air       100%       1d9       1%          1
 Sting                    Conj/Alch      100%       1d9       1%          1
 Summon Small Mammal      Summ           100%       N/A       1%          1
 Inner Flame              Hex/Fire       45%        N/A       1%          3
 Volatile Blastmotes      Fire/Tloc      90%        2d17      1%          3
 Flame Wave               Conj/Fire      46%        2d12      1%          4
 Gell's Gravitas          Tloc           39%        N/A       2%          3
 Swiftness                Air            39%        N/A       2%          3
 Teleport Other           Tloc           39%        N/A       2%          3
 Airstrike                Air            19%        2d(3-19)  2%          4
 Summon Forest            Summ/Tloc      19%        N/A       22%         5
 Eringya's Noxious Bog    Alch           19%        4d6       30%         6
 Dispersal                Tloc           19%        N/A       77%         6
 Summon Hydra             Summ           19%        N/A       100%        7


Dungeon Overview and Level Annotations

Branches:
Dungeon (11/15)            Temple (1/1) D:6             Orc (0/2) D:10
  Sewer (visited)         Ossuary (visited)          Bailey (visited)
   Lair: D:8-11

Altars:
Ashenzari
Cheibriados
Dithmenos
Elyvilon
Fedhas
Gozag
Hepliaklqana
Kikubaaqudgha
Makhleb
Nemelex Xobeh
Okawaru
Qazlal
Ru
Sif Muna
Trog
Uskayaw
Vehumet
Wu Jian
Xom
Yredelemnul
Zin
The Shining One

Shops:
D:1 !   D:7 *


Innate Abilities, Weirdness & Mutations

You have very sharp teeth.
Your uncanny sense of smell can sniff out nearby items.
Your experience applies equally to all skills.


Message History

Flames lash the two-headed ogre.
The two-headed ogre is burned terribly!
The two-headed ogre is severely wounded.
A centaur comes into view.
The two-headed ogre hits you with a +0 giant spiked club!
The two-headed ogre hits you with a +0 giant spiked club!!
Unknown command.
Casting: Scorch (safe; 1% risk of failure)
Confirm with . or Enter, or press ? or * to list all spells.
Flames lash the two-headed ogre.
The two-headed ogre is burned terribly!
The two-headed ogre is severely wounded.
The two-headed ogre hits you with a +0 giant spiked club!!
The two-headed ogre closely misses you.
Casting: Scorch (safe; 1% risk of failure)
Confirm with . or Enter, or press ? or * to list all spells.
Flames lash the two-headed ogre.
The two-headed ogre is burned terribly!
The two-headed ogre is almost dead.
Casting: Scorch (safe; 1% risk of failure)
Confirm with . or Enter, or press ? or * to list all spells.
Flames lash the centaur.
The centaur is lightly wounded.
The centaur's fire resistance burns away.
The two-headed ogre closely misses you.
The two-headed ogre hits you with a +0 giant spiked club!
* * * LOW HITPOINT WARNING * * *
Unknown command.
Unknown command.
Casting: Scorch (safe; 1% risk of failure)
Confirm with . or Enter, or press ? or * to list all spells.
Aiming: Brom's Barrelling Boulder (dangerous; 2% risk of failure)
Press: ? - help, Dir - move target, f - you There's a thick-headed creature in the way.
Okay, then.
Casting: Brom's Barrelling Boulder (dangerous; 2% risk of failure)
Confirm with . or Enter, or press ? or * to list all spells.
Flames lash the centaur.
The centaur is burned terribly!
The centaur is severely wounded.
The centaur wields a +0 shortbow.
The centaur shoots an arrow.
The arrow misses you.
The two-headed ogre hits you with a +0 giant spiked club!!
You die...

........ ........
....... +##### ###+###
.......
#################.......
............##.)@.......
............#..##Oc.....
............#.## .......
............#.# .......
...........>'.# .$.....
............### .......
............# .......
############# .......


You could see a two-headed ogre (combustible) and a centaur (combustible).

Vanquished Creatures
  An orc knight (Bailey)
  An ugly thing (D:11)
  A deep elf zephyrmancer (Bailey)
  Joseph (D:7)
  An unseen horror (D:11)
  Psyche (D:8)
  4 trolls
  A shadow (D:10)
  3 wraiths
  A wyvern (D:8)
  Menkaure (Ossuary)
  3 steam dragons
  An acid dragon (D:11)
  A water moccasin (D:8)
  A sky beast (D:7)
  A black bear (D:4)
  2 ice beasts
  13 orc warriors
  Pargi (Sewer)
  3 ogres
  2 centaurs
  A phantom (D:5)
  6 kobold brigands
  Blork the orc (D:4)
  4 bullfrogs
  2 brain worms (Sewer)
  2 scorpions
  3 gnoll sergeants
  5 wights (D:10)
  13 killer bees
  A howler monkey (D:10)
  4 orc priests
  3 hounds
  An iguana (D:5)
  Jessica (D:3)
  11 orc wizards
  3 mummies (Ossuary)
  13 gnolls
  7 adders
  6 river rats (D:4)
  2 bombardier beetles
  A white imp (D:5)
  4 worms
  5 dart slugs
  43 orcs
  4 ball pythons
  6 bats
  7 endoplasms
  5 giant cockroaches
  5 hobgoblins
  3 jackals (D:1)
  8 quokkas
  3 frilled lizards
  4 gnoll skeletons (Ossuary)
  2 gnoll zombies (Ossuary)
  5 goblins
  5 goblin skeletons (Ossuary)
  5 goblin zombies (Ossuary)
  4 hobgoblin skeletons (Ossuary)
  4 hobgoblin zombies (Ossuary)
  28 kobolds
  2 kobold skeletons (Ossuary)
  2 kobold zombies (Ossuary)
  4 orc skeletons (Ossuary)
  5 orc zombies (Ossuary)
  5 rats
  6 rat skeletons (Ossuary)
  7 rat zombies (Ossuary)
315 creatures vanquished.

Vanquished Creatures (collateral kills)
  4 boulders
  2 foxfires (D:4)
6 creatures vanquished.

Vanquished Creatures (others)
  5 boulders
  963 foxfires
968 creatures vanquished.

Grand Total: 1289 creatures vanquished

Notes
Turn   | Place    | Note
-------+----------+-------------------------------------------
     0 | D:1      | min the Gnoll Fire Elementalist began the quest for the
                  | Orb.
     0 | D:1      | Reached XP level 1. HP: 13/13 MP: 6/6
   248 | D:1      | Reached XP level 2. HP: 19/19 MP: 4/7
   356 | D:1      | Learned a level 2 spell: Scorch
   529 | D:1      | Found Ocalis's Distillery.
   866 | D:1      | Found a faded altar of an unknown god.
   876 | D:1      | Reached skill level 5 in Spellcasting
   876 | D:1      | Reached XP level 3. HP: 22/25 MP: 3/9
  1274 | D:2      | Reached skill level 1 in Invocations
  1687 | D:2      | Reached skill level 1 in Fighting
  1687 | D:2      | Reached skill level 1 in Short Blades
  1687 | D:2      | Reached skill level 1 in Long Blades
  1687 | D:2      | Reached skill level 1 in Axes
  1687 | D:2      | Reached skill level 1 in Maces & Flails
  1687 | D:2      | Reached skill level 1 in Polearms
  1687 | D:2      | Reached skill level 1 in Staves
  1687 | D:2      | Reached skill level 1 in Ranged Weapons
  1687 | D:2      | Reached skill level 1 in Throwing
  1687 | D:2      | Reached skill level 1 in Armour
  1687 | D:2      | Reached skill level 1 in Shields
  1687 | D:2      | Reached skill level 1 in Unarmed Combat
  1687 | D:2      | Reached skill level 1 in Evocations
  1893 | D:2      | Reached skill level 1 in Shapeshifting
  1893 | D:2      | Reached XP level 4. HP: 31/32 MP: 6/11
  2200 | D:3      | Reached skill level 1 in Hexes
  2200 | D:3      | Reached skill level 1 in Summonings
  2200 | D:3      | Reached skill level 1 in Necromancy
  2200 | D:3      | Reached skill level 1 in Translocations
  2200 | D:3      | Reached skill level 1 in Ice Magic
  2200 | D:3      | Reached skill level 1 in Air Magic
  2200 | D:3      | Reached skill level 1 in Earth Magic
  2200 | D:3      | Reached skill level 1 in Alchemy
  2299 | D:3      | Reached XP level 5. HP: 37/37 MP: 8/12
  2618 | D:3      | Noticed Jessica
  2622 | D:3      | Killed Jessica
  3336 | D:4      | Found a hazy altar of Hepliaklqana.
  3368 | D:4      | Reached XP level 6. HP: 40/44 MP: 6/13
  3376 | D:4      | Noticed Blork the orc
  3381 | D:4      | Killed Blork the orc
  3382 | D:4      | Reached skill level 5 in Dodging
  3438 | D:4      | Found a glowing drain.
  3445 | Sewer    | Entered a sewer
  3508 | Sewer    | Noticed Pargi
  3518 | Sewer    | Killed Pargi
  3519 | Sewer    | Reached XP level 7. HP: 24/51 MP: 10/15
  3982 | D:4      | Reached skill level 5 in Stealth
  4612 | D:4      | Found a glowing silver altar of Zin.
  4700 | D:4      | Found a sacrificial altar of Ru.
  4771 | D:5      | Entered Level 5 of the Dungeon
  4947 | D:5      | Found a shadowy altar of Dithmenos.
  5079 | D:5      | Reached XP level 8. HP: 55/58 MP: 7/16
  5563 | D:5      | Found an opulent altar of Gozag.
  5563 | D:5      | Found a sparkling altar of Nemelex Xobeh.
  5957 | D:6      | Found a glowing golden altar of the Shining One.
  5990 | D:6      | Identified the ring "Biosi" {Will+ SInv}
  6274 | D:6      | Found a blossoming altar of Fedhas.
  6440 | D:6      | Reached XP level 9. HP: 35/65 MP: 2/18
  6555 | D:6      | Found a staircase to the Ecumenical Temple.
  6581 | Temple   | Entered the Ecumenical Temple
  6590 | Temple   | Became a worshipper of Vehumet
  6712 | D:6      | Identified the +9 whip "Qoru" {protect, Will+}
  7002 | D:7      | Found Siucel's Overcharged Wands.
  7025 | D:7      | Reached * piety under Vehumet
  7025 | D:7      | Offered knowledge of Sandblast by Vehumet.
  7723 | D:8      | Reached skill level 5 in Invocations
  7801 | D:8      | Found a sand-covered staircase.
  7811 | Ossuary  | Entered an ossuary
  8036 | Ossuary  | Offered knowledge of Magic Dart by Vehumet.
  8040 | Ossuary  | Reached ** piety under Vehumet
  8072 | Ossuary  | Noticed Menkaure
  8083 | Ossuary  | Killed Menkaure
  8212 | D:8      | Found a flagged portal.
  8220 | Bailey   | Entered a bailey
  8337 | Bailey   | Offered knowledge of Mercury Vapours by Vehumet.
  8620 | Bailey   | Found a large runed translucent door.
  8620 | Bailey   | Found a large runed translucent door.
  8621 | Bailey   | Noticed a deep elf zephyrmancer
  8636 | Bailey   | Noticed an orc knight
  8695 | Bailey   | Reached skill level 5 in Fighting
  8695 | Bailey   | Reached skill level 5 in Short Blades
  8695 | Bailey   | Reached skill level 5 in Long Blades
  8695 | Bailey   | Reached skill level 5 in Axes
  8695 | Bailey   | Reached skill level 5 in Maces & Flails
  8695 | Bailey   | Reached skill level 5 in Polearms
  8695 | Bailey   | Reached skill level 5 in Staves
  8695 | Bailey   | Reached skill level 5 in Ranged Weapons
  8695 | Bailey   | Reached skill level 5 in Throwing
  8695 | Bailey   | Reached skill level 5 in Armour
  8695 | Bailey   | Reached skill level 5 in Shields
  8695 | Bailey   | Reached skill level 5 in Unarmed Combat
  8695 | Bailey   | Reached skill level 5 in Evocations
  8695 | Bailey   | Reached XP level 10. HP: 74/74 MP: 3/20
  8697 | Bailey   | Killed an orc knight
  8697 | Bailey   | Reached *** piety under Vehumet
  8923 | Bailey   | Killed a deep elf zephyrmancer
  8924 | Bailey   | Reached skill level 5 in Conjurations
  8940 | Bailey   | Identified the +6 chain mail of Vampiric Thralls {+Blink
                  | Str+5 Int+2}
  9283 | D:8      | Noticed Joseph
  9393 | D:7      | Killed Joseph
  9394 | D:7      | Reached skill level 5 in Shapeshifting
  9559 | D:8      | Offered knowledge of Ignite Poison by Vehumet.
  9758 | D:8      | Noticed Psyche
  9764 | D:8      | Killed Psyche
 10654 | D:9      | Found a broken altar of Ashenzari.
 11224 | D:10     | Entered Level 10 of the Dungeon
 11236 | D:10     | Reached skill level 5 in Hexes
 11236 | D:10     | Reached skill level 5 in Summonings
 11236 | D:10     | Reached skill level 5 in Necromancy
 11236 | D:10     | Reached skill level 5 in Translocations
 11236 | D:10     | Reached skill level 5 in Ice Magic
 11236 | D:10     | Reached skill level 5 in Air Magic
 11236 | D:10     | Reached skill level 5 in Earth Magic
 11236 | D:10     | Reached skill level 5 in Alchemy
 11297 | D:10     | Noticed a lindwurm
 11415 | D:10     | Reached XP level 11. HP: 81/81 MP: 15/22
 11465 | D:10     | Reached **** piety under Vehumet
 11544 | D:10     | Offered knowledge of Brom's Barrelling Boulder by Vehumet.
 11650 | D:10     | Learned a level 4 spell: Brom's Barrelling Boulder
 11716 | D:10     | Found a staircase to the Orcish Mines.
 12304 | D:10     | Noticed a lindwurm
 12306 | D:10     | Noticed a lindwurm
 12707 | D:11     | Noticed a cyan ugly thing
 12729 | D:11     | Killed a cyan ugly thing
 13338 | D:11     | Noticed a two-headed ogre
 13345 | D:11     | Mangled by a two-headed ogre

Illustrated notes

Levels and vault maps discovered:
D:1:      dpeg_arrival_boxorama, layout_loops_ring, serial_shops,
          nicolae_shop_window_shopping, hellmonk_ecumenical_altar_dog_temple
D:2:      layout_rooms
D:3:      layout_loops_ring, hangedman_decor_lopped, st_stairs_5,
          grunt_decor_resistance, nicolae_figureground_pulse, uniq_jessica
D:4:      layout_basic, lemuel_doored_altar, kennysheep_mini,
          nicolae_hepliaklqana_hazy_memory, lightli_sewer_entry_pipes,
          uniq_blork_the_orc
D:5:      layout_loops_ring, grunt_temple_overflow_opulence,
          nicolae_dithmenos_shadow_blocks
D:6:      layout_cave_pods, fedhas_altar_fruit_tree,
          mainiacjoe_overflow_boulevard, minmay_temple_entry_tees
D:7:      layout_rooms, nicolae_shop_overcharged_wands
D:8:      layout_layer_cave, enter_bailey_2, enter_ossuary_1, uniq_psyche,
          uniq_joseph
D:9:      layout_loops_cross, kennysheep_mini_moat, supply_closet_lemuel
D:10:     minmay_spotlight, layout_basic, david_orc_3, minmay_lindwurm_lava
D:11:     layout_roguey, david_lair_shrubbed
Temple:   dshaligram_water_room_temple

Skill      XL: |  1  2  3  4  5  6  7  8  9 10 11 |
---------------+----------------------------------+-----
Conjurations   | 2 3 4 5 |  5.9
Spellcasting   | 5 6 7 8 |  8.3
Invocations    | 1 2 3 4 5 6 7 |  7.2
Fighting       | 1 2 3 5 6 |  6.6
Short Blades   | 1 2 3 5 6 |  6.6
Long Blades    | 1 2 3 5 6 |  6.6
Axes           | 1 2 3 5 6 |  6.6
Maces & Flails | 1 2 3 5 6 |  6.6
Polearms       | 1 2 3 5 6 |  6.6
Staves         | 1 2 3 5 6 |  6.6
Ranged Weapons | 1 2 3 5 6 |  6.6
Throwing       | 1 2 3 5 6 |  6.6
Armour         | 1 2 3 5 6 |  6.6
Shields        | 1 2 3 5 6 |  6.6
Unarmed Combat | 1 2 3 5 6 |  6.6
Evocations     | 1 2 3 5 6 |  6.6
Shapeshifting  | 1 2 3 4 5 6 |  6.0
Hexes          | 1 2 3 4 5 |  5.4
Summonings     | 1 2 3 4 5 |  5.4
Necromancy     | 1 2 3 4 5 |  5.4
Translocations | 1 2 3 4 5 |  5.4
Ice Magic      | 1 2 3 4 5 |  5.4
Air Magic      | 1 2 3 4 5 |  5.4
Earth Magic    | 1 2 3 4 5 |  5.4
Alchemy        | 1 2 3 4 5 |  5.4
Dodging        | 5 6 7 8 |  8.1
Stealth        | 5 6 7 |  7.9
Fire Magic     | 6 7 |  7.8

Action                     |  1- 3 |  4- 6 |  7- 9 | 10-12 || total
---------------------------+-------+-------+-------+-------++-------
  Melee: Unarmed           |    26 |     8 |    20 |       ||    54
         Bite              |     3 |     2 |    14 |     1 ||    20
         Whip              |       |       |   123 |    54 ||   177
         Punch             |       |       |     3 |       ||     3
   Cast: Foxfire           |    51 |    84 |   219 |   189 ||   543
         Scorch            |    28 |    17 |    57 |    86 ||   188
         Brom's Barrelling |       |       |       |    11 ||    11
  Evoke: Wand              |       |       |     1 |       ||     1
    Use: Potion            |       |     1 |       |     1 ||     2
         Scroll            |       |       |       |     7 ||     7
   Stab: Sleeping          |       |       |     1 |       ||     1
 Armour: Robe              |    24 |    23 |     2 |       ||    49
         Troll leather arm |       |       |    92 |   158 ||   250
  Dodge: Dodged            |    31 |    34 |   113 |   151 ||   329

Table legend: (Time is in decaauts)
 A = Elapsed time spent in this place.
 B = Non-inter-level travel time spent in this place.
 C = Inter-level travel time spent in this place.
 D = Time resting spent in this place.
 E = Time spent auto-exploring this place.
 F = Levels seen in this place.
 G = Mean time per level.
                   A        B        C        D        E       F      G
               +--------+--------+--------+--------+--------+-----+--------+
         Total |  13380 |  13127 |    253 |    683 |   9997 |  15 |  892.0 |
       Dungeon |  11774 |  11521 |    253 |    391 |   9370 |  11 | 1070.4 |
        Temple |     18 |     18 |      0 |      0 |      0 |   1 |   18.0 |
         Sewer |    491 |    491 |      0 |      0 |    424 |   1 |  491.0 |
       Ossuary |    322 |    322 |      0 |      0 |      0 |   1 |  322.0 |
        Bailey |    773 |    773 |      0 |    292 |    203 |   1 |  773.0 |
               +--------+--------+--------+--------+--------+-----+--------+

Top non-repeatable levels by time:
    D:10: 1473 daAuts
     D:8: 1437 daAuts
     D:1: 1269 daAuts
     D:6: 1139 daAuts
     D:3: 1072 daAuts
     D:5: 1024 daAuts
     D:2: 994 daAuts
     D:4: 980 daAuts
     D:7: 890 daAuts
     D:9: 834 daAuts
  Bailey: 773 daAuts
    D:11: 659 daAuts
   Sewer: 491 daAuts
 Ossuary: 322 daAuts
  Temple: 18 daAuts
